[Event "Titled Tuesday Blitz March 15 Late 2022"]
[White "Plazuelo Pascual, Juan"]
[Black "Curtis, John"]
[WhiteFideId "32059566"]
[BlackFideId "3200256"]
[WhiteElo "2364"]
[BlackElo "2203"]
[Result "1-0"]
[Round "08"]
[TimeControl "180+1"]
[Date "2022.03.16"]
[WhiteClock "0:00:40"]
[BlackClock "0:00:01"]

1. Nf3 Nf6 2. g3 d5 3. Bg2 c6 4. O-O Bg4 5. b3 Bxf3 6. Bxf3 Nbd7 7. Bb2 e6 8. c4 Be7 9. d3 O-O 10. Nd2 a5 11. a3 Qb6 12. Rc1 Rfd8 13. Rc2 Bc5 14. Qa1 Qc7 15. cxd5 exd5 16. Bxf6 gxf6 17. d4 Bf8 18. Bxd5 Qd6 19. Bg2 Qxa3 20. Qc3 Bb4 21. Qf3 Bxd2 22. Rxd2 a4 23. Qg4+ Kh8 24. bxa4 Qxa4 25. Be4 Nf8 26. Qf4 Kg7 27. Qg4+ Ng6 28. h4 Rxd4 29. Rxd4 Qxd4 30. h5 Ra4 31. h6+ Kxh6 32. Qh3+ Kg7 33. Bf5 Ra1 34. e3 Rxf1+ 35. Qxf1 Qd5 36. Qb1 Ne5 37. Be4 Qd2 38. Qxb7 Ng4 39. Kg2 Qxf2+ 40. Kh3 h5 41. Bg2 Nxe3 42. Bxc6 Qf1+ 43. Kh4 Kg6 44. Be4+ f5 45. Qc6+ Kg7 46. Qc3+ Kh7 47. Qxe3 1-0


[Site "https://www.chess.com"]

[Event "Titled Tuesday Blitz March 15 Late 2022"]
[White "Przybylski, Wojciech"]
[Black "Goltsev, Dmitry"]
[WhiteFideId "1117599"]
[BlackFideId "24176710"]
[WhiteElo "2133"]
[BlackElo "2273"]
[Result "1-0"]
[Round "08"]
[TimeControl "180+1"]
[Date "2022.03.15"]
[WhiteClock "0:00:04"]
[BlackClock "0:00:03"]

1. d4 Nf6 2. Nf3 e6 3. g3 d5 4. Bg2 c5 5. O-O Nc6 6. c3 Bd6 7. Bg5 O-O 8. e3 h6 9. Bxf6 Qxf6 10. Nbd2 e5 11. dxe5 Nxe5 12. Nxe5 Qxe5 13. Nf3 Qh5 14. Ne1 Bg4 15. Qxd5 Qxd5 16. Bxd5 Be2 17. c4 Bxf1 18. Kxf1 Rab8 19. a4 b6 20. Nd3 Rfd8 21. Ke2 Kf8 22. f4 f5 23. b3 g6 24. h4 Ke7 25. Kf3 Kf6 26. g4 fxg4+ 27. Kxg4 a6 28. e4 Kg7 29. h5 gxh5+ 30. Kxh5 Kh7 31. e5 Bf8 32. f5 Re8 33. f6 Rbd8 34. e6 Bg7 35. Rf1 Rd6 36. fxg7 Kxg7 37. Rf7+ Kg8 38. Nf4 Rexe6 39. Re7 Rxd5+ 40. Nxd5 Rd6 41. Rb7 b5 42. axb5 axb5 43. Rxb5 Kf7 44. Rxc5 Ke6 45. Kxh6 Kf5+ 46. Kg7 Rd7+ 47. Kf8 Rb7 48. Rb5 Ra7 49. Rb6 Ke5 50. Ke8 Kd4 51. Kd8 Kc5 52. Kc8 Rh7 53. Kb8 Rg7 54. Rb7 Rg6 55. Ka7 Rh6 56. Rb5+ Kd4 57. Rb6 Rh1 58. Kb7 Rh7+ 59. Ka6 Rh3 60. Rc6 Rh1 61. Kb5 Rh8 62. Kb4 Rb8+ 63. Rb6 Rg8 64. Rb7 Ke5 65. Nc3 Kd6 66. Nb5+ Kc6 67. Rh7 Ra8 68. Rh6+ Kd7 69. c5 Rg8 70. c6+ Kc8 71. Rh7 Kb8 72. Rb7+ Kc8 73. Nd6+ Kd8 74. Rd7# 1-0


[Site "https://www.chess.com"]

[Event "Titled Tuesday Blitz March 15 Late 2022"]
[White "Rastbod, Ali"]
[Black "Kovanova, Baira"]
[WhiteFideId "12567477"]
[BlackFideId "4164083"]
[WhiteElo "2200"]
[BlackElo "2190"]
[Result "1-0"]
[Round "08"]
[TimeControl "180+1"]
[Date "2022.03.15"]
[WhiteClock "0:00:39"]
[BlackClock "0:00:02"]

1. c4 e5 2. Nc3 Bb4 3. Qb3 Bxc3 4. Qxc3 Nc6 5. Nf3 d6 6. d4 Qe7 7. g3 e4 8. Ng5 Nf6 9. Bg2 Bf5 10. Nh3 d5 11. Bg5 dxc4 12. Nf4 O-O-O 13. e3 h6 14. Bxf6 Qxf6 15. Qxc4 g5 16. Ne2 h5 17. h4 gxh4 18. Rxh4 Bg4 19. Bxe4 Na5 20. Qc3 Qa6 21. Nf4 Rhe8 22. Bd3 Qb6 23. Kf1 Nc6 24. Rc1 Nb4 25. Bc4 Qc6 26. Qxb4 Kb8 27. Kg1 Qf6 28. Bf1 c6 29. Bg2 Rc8 30. Rc5 Ka8 31. a4 Qd6 32. a5 a6 33. Qb6 Qe7 34. Re5 Qd6 35. Nd3 Qg6 36. Be4 1-0


[Site "https://www.chess.com"]

[Event "Titled Tuesday Blitz March 15 Late 2022"]
[White "Reprintsev, Alexander"]
[Black "Zhurbinsky, David"]
[WhiteFideId "14100541"]
[BlackFideId "2072904"]
[WhiteElo "2108"]
[BlackElo "2585"]
[Result "0-1"]
[Round "08"]
[TimeControl "180+1"]
[Date "2022.03.16"]
[WhiteClock "0:00:13"]
[BlackClock "0:00:10"]

1. e4 e5 2. f4 exf4 3. Bc4 Qh4+ 4. Kf1 Nf6 5. Nf3 Qh5 6. Qe1 d5 7. exd5+ Be7 8. d4 Bg4 9. Ne5 f3 10. h3 fxg2+ 11. Kxg2 Bf5 12. Be2 Be4+ 13. Kh2 Qf5 14. Rf1 Qc8 15. Nc3 Bf5 16. Qf2 Bxh3 17. Rg1 Qf5 18. Bf4 Bd6 19. Rxg7 Nbd7 20. Bg3 O-O-O 21. Qxf5 Bxf5 22. Nxf7 Bxg3+ 23. Kxg3 Rhg8 24. Rxg8 Rxg8+ 25. Kf4 Bxc2 26. Rh1 Nb6 27. Bf3 Rf8 28. Ng5 Nfxd5+ 29. Kg3 Ne3 30. Bg4+ Nxg4 31. Kxg4 Nc4 32. b3 Ne3+ 33. Kg3 Nf5+ 34. Kg4 Nxd4 35. Nd5 c6 36. Ne3 Bd3 37. Nxh7 Be2+ 38. Kg5 Ne6+ 39. Kg6 Bd3+ 40. Kh6 Rh8 0-1


[Site "https://www.chess.com"]

[Event "Titled Tuesday Blitz March 15 Late 2022"]
[White "Riehle, Marco"]
[Black "Srihari L R"]
[WhiteFideId "12904392"]
[BlackFideId "46617116"]
[WhiteElo "2462"]
[BlackElo "2121"]
[Result "1-0"]
[Round "08"]
[TimeControl "180+1"]
[Date "2022.03.15"]
[WhiteClock "0:00:19"]
[BlackClock "0:00:05"]

1. e4 c6 2. c4 d5 3. cxd5 cxd5 4. exd5 Nf6 5. Nc3 g6 6. Bc4 Bg7 7. Nf3 O-O 8. O-O a6 9. a4 Nbd7 10. d3 b6 11. Re1 Bb7 12. Be3 Ng4 13. Bd4 Ndf6 14. Qb3 Nd7 15. Bxg7 Kxg7 16. d4 Re8 17. Ne5 Ngf6 18. Nc6 Qc7 19. Nxe7 Qf4 20. h3 Qxd4 21. Nc6 Qc5 22. Rac1 Rxe1+ 23. Rxe1 Re8 24. Rxe8 Nxe8 25. Ne4 Qf8 26. Qc3+ f6 27. Ng5 Nc7 28. Nd4 Qd6 29. Nge6+ Kh8 30. Nxc7 Qxc7 31. Ne6 Qd6 32. Nd8 Qb8 33. Nxb7 Qxb7 34. Ba2 Nc5 35. Qxf6+ Qg7 36. Qd8+ Qg8 37. Qxb6 Qf8 38. d6 Nd7 39. Qd4+ Qg7 40. Qxg7+ Kxg7 41. Be6 Nc5 42. Bc8 Kf6 43. a5 Ne4 44. Bxa6 Nxd6 45. Bd3 Ke5 46. a6 Nc8 47. b4 Kd6 48. b5 Kc5 49. Kh2 Na7 50. g4 g5 51. Kg3 h6 52. f4 gxf4+ 53. Kxf4 Kb6 54. h4 Nc8 55. g5 hxg5+ 56. Kxg5 Nd6 57. h5 Nf7+ 58. Kf6 Nh6 59. Kg7 Ng4 60. h6 Ne5 61. Be2 Nd3 62. Bxd3 1-0


[Site "https://www.chess.com"]

[Event "Titled Tuesday Blitz March 15 Late 2022"]
[White "Roberson, Peter T"]
[Black "Chiku-Ratte, Olivier-Kenta"]
[WhiteFideId "412384"]
[BlackFideId "2614782"]
[WhiteElo "2346"]
[BlackElo "2324"]
[Result "1/2-1/2"]
[Round "08"]
[TimeControl "180+1"]
[Date "2022.03.15"]
[WhiteClock "0:00:05"]
[BlackClock "0:00:07"]

1. e4 c6 2. Nf3 d5 3. exd5 cxd5 4. Ne5 Nc6 5. d4 Nf6 6. Bb5 Bd7 7. Nxd7 Nxd7 8. O-O e6 9. c3 Bd6 10. Nd2 O-O 11. Nf3 a6 12. Bd3 b5 13. Re1 h6 14. Bc2 Re8 15. Qd3 f5 16. Bd2 Nf6 17. Ne5 Bxe5 18. dxe5 Ne4 19. Be3 Nxe5 20. Qe2 Nc4 21. Bc1 Rc8 22. a4 Qb6 23. axb5 axb5 24. Bxe4 fxe4 25. Qg4 Kh7 26. Qg3 Ra8 27. Bf4 e5 28. Rxa8 exf4 29. Qxf4 Rxa8 30. Qf5+ Qg6 31. Qxd5 Re8 32. Qxb5 e3 33. fxe3 Nxe3 34. Qb7 Rf8 35. h3 Qg3 36. Qe4+ Nf5 37. Rf1 g6 38. Rf3 Qb8 39. b4 Nd6 40. Qe7+ Kg8 41. Qe6+ Kg7 42. Rd3 Rf6 43. Qe5 Qb6+ 44. Kh2 Nf7 45. Qe4 Qc7+ 46. Kg1 Qa7+ 47. Kh2 Qf2 48. Qd4 Qxd4 49. Rxd4 Rc6 50. c4 Kf6 51. b5 Re6 52. c5 Re2 53. b6 Ne5 54. b7 Rb2 55. c6 Nxc6 56. Rd6+ Kf5 57. Rxc6 Rxb7 58. Rc5+ Kf6 59. Rc6+ Kg7 60. Rd6 h5 61. h4 Rb4 62. g3 Kf7 63. Rd2 Kf6 64. Rf2+ Ke6 65. Kg2 Rb5 66. Re2+ Re5 67. Ra2 Kf5 68. Kf3 Rb5 69. Ra3 g5 70. hxg5 Kxg5 71. Rc3 Rf5+ 72. Kg2 Ra5 73. Rd3 Ra2+ 74. Kh3 Ra5 75. Re3 Rb5 76. Rd3 Kf5 77. Rf3+ Kg6 78. Kh4 Rb1 79. Kh3 Rh1+ 80. Kg2 Ra1 81. Rb3 Ra6 82. Rb5 Rf6 83. Kh3 Re6 84. Kh4 Re1 85. Rg5+ Kf6 86. Rxh5 Re4+ 87. Kh3 Rb4 88. Rc5 Kg6 89. g4 Rb3+ 90. Kh4 Rb4 91. Rc6+ Kg7 92. Kh5 Rb7 93. g5 Rf7 94. Rg6+ Kh7 95. Rh6+ Kg7 96. Rg6+ Kh7 97. Ra6 Rb7 98. Rc6 Kg7 99. Rd6 Re7 100. Ra6 Rc7 101. Rb6 Re7 102. Ra6 Rc7 103. Rb6 Re7 104. Ra6 1/2-1/2


[Site "https://www.chess.com"]

[Event "Titled Tuesday Blitz March 15 Late 2022"]
[White "Romanchuk, Viktor"]
[Black "Romero Ruscalleda, Josep"]
[WhiteFideId "14109271"]
[BlackFideId "2231859"]
[WhiteElo "2242"]
[BlackElo "2337"]
[Result "1-0"]
[Round "08"]
[TimeControl "180+1"]
[Date "2022.03.16"]
[WhiteClock "0:01:31"]
[BlackClock "0:01:28"]

1. d4 g6 2. c4 Bg7 3. Nf3 d6 4. g3 e5 5. dxe5 dxe5 6. Qxd8+ Kxd8 7. Nc3 Be6 8. b3 Nd7 9. Ng5 h6 10. Nxe6+ fxe6 11. Bg2 c6 12. Ba3 Ngf6 13. O-O-O Ne8 14. Ne4 Kc7 15. Bh3 Nef6 16. Nxf6 Nxf6 17. Bd6+ Kb6 18. Bxe5 Rhe8 19. Rd3 Nh5 20. Bd6 e5 21. Bd7 Red8 22. Be7 e4 23. Bxd8+ Rxd8 24. Rdd1 c5 25. Bg4 Rf8 26. Rd6+ Ka5 27. Rxg6 1-0


[Site "https://www.chess.com"]

[Event "Titled Tuesday Blitz March 15 Late 2022"]
[White "Rosen, Eric"]
[Black "Rabineau, Clement"]
[WhiteFideId "2032562"]
[BlackFideId "628891"]
[WhiteElo "2362"]
[BlackElo "2237"]
[Result "1-0"]
[Round "08"]
[TimeControl "180+1"]
[Date "2022.03.16"]
[WhiteClock "0:00:03"]
[BlackClock "0:00:01"]

1. d4 d5 2. Bf4 Nf6 3. e3 c5 4. Nf3 Nc6 5. Nbd2 g6 6. dxc5 Bg7 7. c3 Ne4 8. Nxe4 dxe4 9. Qxd8+ Nxd8 10. Bb5+ Bd7 11. Bxd7+ Kxd7 12. O-O-O+ Kc6 13. Nd4+ Kxc5 14. Bc7 Rc8 15. b4+ Kc4 16. Bxd8 Rhxd8 17. Kc2 f5 18. Rd2 Bxd4 19. exd4 Kd5 20. Re1 b5 21. f3 Rc6 22. fxe4+ fxe4 23. Rde2 Rdc8 24. Re3 Re6 25. Rf1 a6 26. Rf7 Rc7 27. Kb3 Rf6 28. Rxh7 Rf2 29. Rh4 Rxg2 30. Rhxe4 Rxh2 31. Re6 Rh5 32. Rxa6 1-0


[Site "https://www.chess.com"]

[Event "Titled Tuesday Blitz March 15 Late 2022"]
[White "Rosenberg, Evan S"]
[Black "Lehtosaari, Mauri"]
[WhiteFideId "2019299"]
[BlackFideId "501999"]
[WhiteElo "2289"]
[BlackElo "2462"]
[Result "1/2-1/2"]
[Round "08"]
[TimeControl "180+1"]
[Date "2022.03.16"]
[WhiteClock "0:00:05"]
[BlackClock "0:00:13"]

1. Nf3 d5 2. d4 Nf6 3. c4 c6 4. cxd5 cxd5 5. Nc3 Nc6 6. Bf4 a6 7. Rc1 Bf5 8. e3 e6 9. Qa4 Nd7 10. Ne5 Ncxe5 11. Bxe5 f6 12. Bg3 b5 13. Qb3 Be7 14. Nxd5 exd5 15. Bc7 Qc8 16. Qxd5 Bb4+ 17. Kd1 Nf8 18. Bd6 Qd8 19. Qc6+ Bd7 20. Qe4+ Kf7 21. Bxb4 Ne6 22. Be2 Re8 23. Qh4 Kg8 24. Bd3 Ng5 25. f4 Rxe3 26. Kd2 Rxd3+ 27. Kxd3 Bf5+ 28. Ke3 Qe8+ 29. Kf2 Ne4+ 30. Kg1 Qd7 31. Rd1 Rc8 32. Qe1 Rc4 33. Bc3 h6 34. h3 b4 35. Bxb4 Rxd4 36. Rxd4 Qxd4+ 37. Kh2 Qd3 38. Rf1 h5 39. Rf3 Qd5 40. Qe3 h4 41. Qb3 Be6 42. Qxd5 Bxd5 43. Rd3 Bxa2 44. Rd8+ Kh7 45. Ra8 Bc4 46. Bc3 Ng3 47. Rc8 Bb5 48. Rc7 Kg6 49. f5+ Nxf5 50. Ra7 Ng3 51. Be1 Nf5 52. Rc7 Kh6 53. Rc3 Kg5 54. Rb3 g6 55. Rb4 Kh5 56. Rg4 g5 57. Rb4 Kg6 58. Rb3 Nd4 59. Rc3 Nf5 60. Rc7 Nd6 61. Bc3 Ne4 62. Rc8 Kf5 63. Rf8 Ke6 64. Rh8 f5 65. Rh6+ Kf7 66. Rh7+ Kg6 67. Ra7 g4 68. Rg7+ Kh6 69. hxg4 Nxc3 70. Rc7 Nd1 71. gxf5 Nxb2 72. f6 Kg6 73. f7 Kg7 74. Kh3 Bc4 75. Kxh4 Bxf7 76. Ra7 Nc4 77. Rxa6 Ne5 78. Ra7 Ng6+ 79. Kg3 Kf6 80. Rxf7+ Kxf7 81. Kg4 Kf6 82. g3 Ne5+ 83. Kh4 Kg6 84. g4 Nxg4 1/2-1/2


[Site "https://www.chess.com"]

[Event "Titled Tuesday Blitz March 15 Late 2022"]
[White "Rozman, Levy"]
[Black "Lashkin, Jegor"]
[WhiteFideId "2039877"]
[BlackFideId "13907808"]
[WhiteElo "2376"]
[BlackElo "2344"]
[Result "1-0"]
[Round "08"]
[TimeControl "180+1"]
[Date "2022.03.15"]
[WhiteClock "0:00:15"]
[BlackClock "0:00:08"]

1. d4 Nf6 2. Bg5 e6 3. Nd2 h6 4. Bh4 c5 5. e4 g5 6. Bg3 cxd4 7. e5 Nd5 8. h4 gxh4 9. Rxh4 Nc6 10. Ngf3 d6 11. Bb5 dxe5 12. Nxe5 Bd7 13. Bxc6 Bxc6 14. Qh5 Qf6 15. Nxc6 Rg8 16. Be5 Qg5 17. Nxd4 Qxg2 18. O-O-O Be7 19. Rh2 Qg6 20. Qxg6 Rxg6 21. c4 Nb4 22. Rh3 Rd8 23. a3 Na6 24. Nb5 Nc5 25. Kc2 Rg2 26. Bg3 Bg5 27. Nf3 Rxd1 28. Kxd1 Bf6 29. Ke2 Ne4 30. Nd6+ Nxd6 31. Bxd6 Rg4 32. b3 Bg7 33. Rg3 Rxg3 34. fxg3 f5 35. Be5 Bf8 36. b4 a5 37. c5 axb4 38. axb4 Kd7 39. Nd4 Be7 40. Kd3 Bg5 41. b5 Bd8 42. c6+ bxc6 43. bxc6+ Ke7 44. c7 Bxc7 45. Bxc7 Kf6 46. Nf3 h5 47. Ke3 Kf7 48. Kf4 Kf6 49. Be5+ Kg6 50. Nd4 Kf7 51. Kg5 Ke7 52. Kxh5 Kf7 53. Kg5 Ke7 54. Kg6 1-0


[Site "https://www.chess.com"]

[Event "Titled Tuesday Blitz March 15 Late 2022"]
[White "Rudykh, Stepan"]
[Black "Ashiev, Eduard"]
[WhiteFideId "4180321"]
[BlackFideId "4130090"]
[WhiteElo "2117"]
[BlackElo "2004"]
[Result "0-1"]
[Round "08"]
[TimeControl "180+1"]
[Date "2022.03.16"]
[WhiteClock "0:00:07"]
[BlackClock "0:00:01"]

1. e4 e5 2. Nf3 Nc6 3. Bb5 Nge7 4. c3 g6 5. d4 exd4 6. cxd4 d5 7. Nc3 Bg7 8. exd5 Nxd5 9. O-O O-O 10. Bg5 f6 11. Bh4 Nce7 12. Re1 c6 13. Bc4 Kh8 14. Qb3 Nb6 15. Bd3 Nf5 16. Rad1 Nxh4 17. Nxh4 Bg4 18. Rd2 Re8 19. Re3 Rxe3 20. fxe3 Qe8 21. e4 Rd8 22. Bf1 f5 23. e5 Bxe5 24. Ne2 Bxe2 25. Rxe2 Bxd4+ 26. Kh1 Qf8 27. Qh3 Kg7 28. Qg3 Nd5 29. Rd2 Bb6 30. Qe5+ Qf6 31. Qg3 Kh8 32. Rf2 Re8 33. h3 Bxf2 34. Qxf2 f4 35. Nf3 Ne3 36. Ne1 Nf5 37. Nd3 Ng3+ 38. Kh2 Qg5 39. Nxf4 Rf8 40. Qe3 Nxf1+ 0-1


[Site "https://www.chess.com"]

[Event "Titled Tuesday Blitz March 15 Late 2022"]
[White "Sailer, Mike"]
[Black "Zotova, Anastasia"]
[WhiteFideId "2012901"]
[BlackFideId "34124907"]
[WhiteElo "2109"]
[BlackElo "1860"]
[Result "0-1"]
[Round "08"]
[TimeControl "180+1"]
[Date "2022.03.16"]
[WhiteClock "0:00:40"]
[BlackClock "0:01:55"]

1. d4 d5 2. Nf3 Nf6 3. Bf4 g6 4. e3 Bg7 5. Be2 O-O 6. O-O b6 7. c4 Bb7 8. Nc3 Nbd7 9. cxd5 Nxd5 10. Nxd5 Bxd5 11. a3 c5 12. Rc1 Re8 13. Ne5 cxd4 14. exd4 Rc8 15. Ba6 Rxc1 16. Qxc1 Nf6 17. Nc6 Bxc6 18. Qxc6 Qxd4 19. Re1 Qxf4 20. g3 Qd2 21. Re2 Qd1+ 22. Kg2 0-1


[Site "https://www.chess.com"]

[Event "Titled Tuesday Blitz March 15 Late 2022"]
[White "Sarana, Alexey"]
[Black "Bryakin, Mikhail"]
[WhiteFideId "24133795"]
[BlackFideId "4165314"]
[WhiteElo "2666"]
[BlackElo "2417"]
[Result "0-1"]
[Round "08"]
[TimeControl "180+1"]
[Date "2022.03.15"]
[WhiteClock "0:00:04"]
[BlackClock "0:00:40"]

1. d4 d6 2. c4 Nf6 3. Nc3 e5 4. Nf3 Nc6 5. d5 Ne7 6. e4 Ng6 7. Be2 Be7 8. h3 a5 9. g3 b6 10. Be3 O-O 11. Qd2 Nd7 12. O-O-O Nc5 13. g4 Nh4 14. g5 Nxf3 15. Bxf3 f5 16. gxf6 Bxf6 17. Bg4 a4 18. Rdg1 Kh8 19. Kc2 Ba6 20. Qe2 Qe8 21. Kb1 Rb8 22. h4 b5 23. Bxc5 dxc5 24. cxb5 Bxb5 25. Nxb5 Qxb5 26. Qxb5 Rxb5 27. Rc1 a3 28. b3 Be7 29. f3 Bd6 30. Rc4 Rb4 31. Rxb4 cxb4 32. h5 Ra8 33. Rc1 Kg8 34. Rc6 Kf8 35. Kc2 Kf7 36. Kd3 Kf6 37. Bf5 g6 38. hxg6 hxg6 39. Bg4 Kg5 40. Kc4 Kf4 41. Kb5 Rb8+ 42. Ka6 Rh8 43. Rc2 Ke3 44. Rg2 Rh1 45. Kb7 Rb1 46. Be6 Rb2 47. Rxg6 Rxa2 48. Rg3 Rb2 49. f4+ Kxf4 50. Rg4+ Ke3 51. Rg8 Kd4 52. Ra8 Rxb3 53. Kc6 Rb1 54. Kb5 b3 55. Ra4+ Ke3 56. Kc4 a2 0-1


[Site "https://www.chess.com"]

[Event "Titled Tuesday Blitz March 15 Late 2022"]
[White "Sarkar, Justin"]
[Black "Kohler, Aran"]
[WhiteFideId "2010011"]
[BlackFideId "1002856"]
[WhiteElo "2038"]
[BlackElo "2283"]
[Result "1-0"]
[Round "08"]
[TimeControl "180+1"]
[Date "2022.03.16"]
[WhiteClock "0:00:14"]
[BlackClock "0:00:30"]

1. e4 c6 2. Nf3 d5 3. Nc3 Bg4 4. h3 Bxf3 5. Qxf3 e6 6. Be2 Nf6 7. d3 Bb4 8. O-O O-O 9. e5 Nfd7 10. d4 c5 11. a3 Ba5 12. dxc5 Nxe5 13. Qg3 Ng6 14. Nb5 Na6 15. b4 Bc7 16. Nxc7 Qxc7 17. Qxc7 Nxc7 18. f4 Rfd8 19. Bb2 b6 20. cxb6 axb6 21. f5 exf5 22. Rxf5 Ne7 23. Rf2 Ne6 24. Bd3 Rac8 25. Re1 h6 26. h4 Rd7 27. g4 d4 28. Re5 Nd5 29. Bf5 Ne3 30. Rxe6 fxe6 31. Bxe6+ Kh7 32. Bxd7 Rc7 33. Bxd4 Nxc2 34. Bf5+ 1-0


[Site "https://www.chess.com"]

[Event "Titled Tuesday Blitz March 15 Late 2022"]
[White "Sochacki, Christophe"]
[Black "Chigaev, Maksim"]
[WhiteFideId "662569"]
[BlackFideId "4108116"]
[WhiteElo "2480"]
[BlackElo "2502"]
[Result "0-1"]
[Round "08"]
[TimeControl "180+1"]
[Date "2022.03.15"]
[WhiteClock "0:00:05"]
[BlackClock "0:00:06"]

1. Nf3 Nf6 2. b3 d5 3. Bb2 Bf5 4. g3 e6 5. Bg2 h6 6. d3 Be7 7. Nbd2 c6 8. O-O O-O 9. Ne5 Nbd7 10. e4 Bh7 11. f4 a5 12. a4 dxe4 13. Nxe4 Nxe5 14. Nxf6+ Bxf6 15. fxe5 Be7 16. Kh1 Kh8 17. Rf4 Bg5 18. Rd4 Qc7 19. h4 Be7 20. Rf4 f5 21. exf6 Bxf6 22. Bxf6 Rxf6 23. Rxf6 gxf6 24. Qf3 Qe5 25. Rf1 Rf8 26. Qf4 Qxf4 27. Rxf4 e5 28. Rc4 Kg7 29. Kg1 Kf7 30. Kf2 Ke7 31. Rc5 Ra8 32. Rc4 Bf5 33. Ke3 Be6 34. Rc5 Kd6 35. d4 exd4+ 36. Kxd4 Rg8 37. Rxa5 Rxg3 38. Bf1 Rg4+ 39. Ke3 Rxh4 40. Ra8 Bf5 41. Rf8 Bxc2 42. Rxf6+ Kc5 43. Bc4 b5 44. axb5 cxb5 45. Bg8 Kb4 46. Rb6 Re4+ 47. Kd2 Bb1 48. Bh7 Rd4+ 49. Ke3 Rd1 50. Bxb1 Rxb1 51. Rxh6 Rb2 52. Rh5 Rc2 53. Kd3 Rg2 54. Kd4 Rd2+ 55. Ke3 Rd8 56. Ke4 Rb8 57. Kd3 Kxb3 58. Rh3 Rd8+ 59. Ke2+ Kc2 60. Rh5 b4 61. Rc5+ Kb3 62. Rc7 Kb2 63. Rb7 b3 64. Rc7 Kb1 65. Ke1 b2 66. Ke2 Rd5 67. Ke3 Ka2 68. Ra7+ Kb3 69. Rb7+ Kc3 70. Rc7+ Kb4 71. Rb7+ Rb5 0-1


[Site "https://www.chess.com"]

[Event "Titled Tuesday Blitz March 15 Late 2022"]
[White "Sokolovsky, Yahli"]
[Black "Thavandiran, Shiyam"]
[WhiteFideId "2820242"]
[BlackFideId "2605058"]
[WhiteElo "1770"]
[BlackElo "2357"]
[Result "1-0"]
[Round "08"]
[TimeControl "180+1"]
[Date "2022.03.15"]
[WhiteClock "0:01:57"]
[BlackClock "0:00:46"]

1. b3 e5 2. Bb2 Nc6 3. e3 Nf6 4. Nf3 Bd6 5. d4 exd4 6. exd4 O-O 7. Be2 Re8 8. O-O a5 9. a3 Ne4 10. Nbd2 Bf4 11. Nxe4 Rxe4 12. d5 Ne5 13. Nd2 Bxd2 14. Qxd2 Ng6 15. Bf3 Re8 16. d6 cxd6 17. Bd5 Rb8 18. Rfe1 b6 19. Qd4 Ne5 20. f4 1-0


[Site "https://www.chess.com"]

[Event "Titled Tuesday Blitz March 15 Late 2022"]
[White "Spitzl, Vinzent"]
[Black "Chiu, Isaac"]
[WhiteFideId "12901253"]
[BlackFideId "30900654"]
[WhiteElo "2160"]
[BlackElo "2117"]
[Result "0-1"]
[Round "08"]
[TimeControl "180+1"]
[Date "2022.03.16"]
[WhiteClock "0:00:05"]
[BlackClock "0:00:22"]

1. e4 e5 2. Nf3 Nc6 3. Bb5 Nf6 4. O-O Nxe4 5. d4 Nd6 6. Bxc6 dxc6 7. dxe5 Nf5 8. Qxd8+ Kxd8 9. h3 h6 10. Nc3 Be6 11. b3 b6 12. Bb2 Kc8 13. Ne2 Bd5 14. Nfd4 Nxd4 15. Nxd4 c5 16. Nf5 Be4 17. Ne3 Be7 18. c4 c6 19. Rfe1 Bg6 20. f4 Be4 21. Kf2 Rg8 22. Ng4 Bf5 23. Ne3 Be4 24. Rad1 Kc7 25. Nf1 Bc2 26. Rd2 Bf5 27. g4 Bh4+ 28. Ng3 Bd7 29. Kf3 Rad8 30. Red1 g6 31. Ne4 h5 32. Nf6 Bxf6 33. exf6 hxg4+ 34. hxg4 Rh8 35. Be5+ Kc8 36. Kg3 Be6 37. Bd6 Rd7 38. Be7 Rxd2 39. Rxd2 Rh1 40. f5 gxf5 41. gxf5 Bxf5 42. Kf4 Be6 43. Rd8+ Kc7 44. Rd2 Rf1+ 45. Ke5 Rf5+ 46. Ke4 Rh5 47. Bd6+ Kb7 48. Bf4 b5 49. cxb5 cxb5 50. Bd6 Kc6 51. Be7 Bd5+ 52. Kf4 c4 53. bxc4 bxc4 54. Bb4 Rh4+ 55. Ke5 Re4+ 56. Kf5 Re3 57. Rc2 Re6 58. Rc3 Kb5 59. a3 Be4+ 60. Kg5 Bd3 61. Be7 Re1 62. Kh6 Rg1 63. Kh5 Kc6 64. Kh6 Kd5 65. Bb4 Kc6 66. Kh5 Kb5 67. Be7 a5 68. Kh6 Kc6 69. Kh5 Kd5 70. Bd8 a4 71. Ba5 Kd4 72. Bb4 Rb1 73. Kh6 Rxb4 74. Rxd3+ cxd3 75. axb4 d2 76. Kg7 d1=Q 77. Kxf7 Qb3+ 78. Ke7 Qxb4+ 0-1


[Site "https://www.chess.com"]

[Event "Titled Tuesday Blitz March 15 Late 2022"]
[White "Svane, Rasmus"]
[Black "Babazada, Khazar"]
[WhiteFideId "4657101"]
[BlackFideId "13413554"]
[WhiteElo "2645"]
[BlackElo "2418"]
[Result "1/2-1/2"]
[Round "08"]
[TimeControl "180+1"]
[Date "2022.03.15"]
[WhiteClock "0:00:02"]
[BlackClock "0:00:10"]

1. Nf3 Nf6 2. g3 g6 3. Bg2 b6 4. O-O Bb7 5. d4 Bg7 6. c4 O-O 7. Re1 d6 8. Qc2 Be4 9. Qb3 Nbd7 10. Nc3 Bb7 11. e4 e5 12. Qc2 Re8 13. d5 a5 14. b3 Nc5 15. Bd2 c6 16. dxc6 Bxc6 17. Rad1 Qc7 18. h3 Qb7 19. Nh2 Ne6 20. Be3 Nd4 21. Bxd4 exd4 22. Rxd4 Re6 23. Red1 Qc7 24. Nf1 Rae8 25. Ne3 Qe7 26. Qd2 Bh6 27. Rxd6 Bxe3 28. Rxe6 Bxd2 29. Rxe7 Bxc3 30. Rxe8+ Nxe8 31. Rd8 Kf8 32. Rb8 Bd4 33. e5 Bxg2 34. Kxg2 f6 35. exf6 h6 36. f4 Kf7 37. Kf3 Nxf6 38. g4 Nd7 39. Rb7 Ke6 40. Rc7 Kd6 41. Rc8 g5 42. Rg8 gxf4 43. Rg6+ Ke5 44. Rxh6 Be3 45. h4 Nf8 46. g5 Ne6 47. g6 Bc5 48. Rh8 Kf5 49. h5 Ng5+ 50. Kg2 f3+ 51. Kg3 Bd6+ 52. Kf2 Bc5+ 53. Kg3 Kf6 54. Rg8 Bd6+ 55. Kf2 Bc5+ 56. Kg3 f2 57. Kg2 Nf3 58. g7 Kf7 59. Rf8+ Bxf8 60. gxf8=Q+ Kxf8 61. Kxf2 Nd4 62. Ke3 Nc2+ 63. Kd2 Nb4 64. a3 Na6 65. Kc3 Kg7 66. Kd4 Nc5 67. b4 axb4 68. axb4 Na6 69. Kc3 Kh6 70. c5 bxc5 71. bxc5 Nxc5 72. Kc4 Kxh5 1/2-1/2


[Site "https://www.chess.com"]

[Event "Titled Tuesday Blitz March 15 Late 2022"]
[White "Svicevic, Rastko"]
[Black "Foisor, Sabina-Francesca"]
[WhiteFideId "916315"]
[BlackFideId "1212915"]
[WhiteElo "2132"]
[BlackElo "2243"]
[Result "1-0"]
[Round "08"]
[TimeControl "180+1"]
[Date "2022.03.16"]
[WhiteClock "0:00:22"]
[BlackClock "0:00:21"]

1. d4 d5 2. Bg5 Nf6 3. Bxf6 exf6 4. e3 g6 5. g3 Bg7 6. Bg2 O-O 7. Ne2 c6 8. O-O Bg4 9. Nd2 Qc8 10. Re1 Na6 11. c4 dxc4 12. Nxc4 Qd7 13. Qb3 Be6 14. Qc3 Nc7 15. e4 f5 16. Ne5 Qd6 17. Rad1 fxe4 18. Bxe4 Bd5 19. Nf4 Rad8 20. Nxd5 Nxd5 21. Qb3 Nb6 22. a4 Rb8 23. a5 Nd7 24. Nc4 Qc7 25. a6 b5 26. Ne3 c5 27. Nd5 Qa5 28. Ne7+ Kh8 29. Nc6 Qxa6 30. Nxb8 Rxb8 31. Qxf7 Nf6 32. dxc5 Rf8 33. Qe7 Qa5 34. Bg2 Re8 35. Qxe8+ Nxe8 36. Rxe8+ Bf8 37. Rxf8+ Kg7 38. Rfd8 Qa4 39. c6 1-0


[Site "https://www.chess.com"]